 Dungeon Crawl Stone Soup version 0.30-a0-743-gbfdf073431 (webtiles) character file.

Game seed: 9316566498513569734

30 voltaire321 the Digger (level 3, -3/19 HPs)
             Began as a Deep Elf Earth Elementalist on Feb 5, 2023.
             Slain by a gnoll
             ... wielding a +0 halberd
              (7 damage)
             ... on level 2 of the Dungeon.
             The game lasted 00:03:13 (1549 turns).

voltaire321 the Digger (DEEE)                       Turns: 1549, Time: 00:03:14

Health: -3/19      AC:  2    Str:  7    XL:     3   Next: 5%
Magic:  6/9        EV:  7    Int: 19    God:
Gold:   103        SH:  0    Dex: 15    Spells: 2/8 levels left

rFire   . . .      SeeInvis .    p - +1 dagger (elec)
rCold   . . .      Faith    .    (no shield)
rNeg    . . .      Spirit   .    a - +0 robe
rPois   .          Reflect  .    (no helmet)
rElec   .          Harm     .    (no cloak)
rCorr   +          Rampage  .    (no gloves)
Will    .....                    (no boots)
Stlth   ++                       (no amulet)
HPRegen 0.23/turn                i - ring of wizardry
MPRegen 0.11/turn                e - ring of resist corrosion

@: held
A: no striking features
a: no special abilities


You were on level 2 of the Dungeon.
You visited 1 branch of the dungeon, and saw 2 of its levels.

You collected 103 gold pieces.

Inventory:

Hand Weapons
 m - a +2 short sword of protection
 p - a +1 dagger of electrocution (weapon)
Missiles
 r - a throwing net
Armour
 a - a +0 robe (worn)
Jewellery
 e - a ring of resist corrosion (right hand)
 i - a ring of wizardry (left hand)
Wands
 o - a wand of acid (13)
Scrolls
 f - a scroll of enchant weapon {unknown}
 g - a scroll of fog {unknown}
 h - a scroll of blinking {unknown}
 j - 2 scrolls of identify {unknown}
 q - a scroll of brand weapon {unknown}
Potions
 b - a potion of magic
 c - 2 potions of lignification {unknown}
 d - a potion of mutation {unknown}
 k - a potion of flight {unknown}
 l - a potion of cancellation {unknown}
 n - a potion of curing {unknown}


   Skills:
 + Level 2.8 Dodging
 + Level 3.0 Stealth
 + Level 3.3 Spellcasting
 + Level 0.5 Conjurations
 + Level 1.6 Transmutations
 + Level 3.6 Earth Magic


You had 2 spell levels left.
You knew the following spells:

 Your Spells              Type           Power      Damage    Failure   Level
a - Sandblast             Erth           32%        2d9       1%          1
b - Passwall              Tmut/Erth      10%        N/A       3%          2
c - Stone Arrow           Conj/Erth      22%        3d8       8%          3

Your spell library contained the following spells:

 Spells                   Type           Power      Damage    Failure   Level
 Ozocubu's Armour         Ice            3%         N/A       17%         3
 Petrify                  Tmut/Erth      13%        N/A       21%         4
 Animate Armour           Summ/Erth      20%        N/A       26%         4
 Metabolic Englaciation   Hex/Ice        1%         N/A       82%         5
 Simulacrum               Ice/Necr       1%         N/A       100%        6
 Lehudib's Crystal Spear  Conj/Erth      5%         10d3      100%        8


Dungeon Overview and Level Annotations

Branches:
Dungeon (2/15)

Altars:


Message History

You open the door.
There is an open door here.
You open the door.
There is an open door here.
You now have 103 gold pieces (gained 5).
r - a throwing net A gnoll comes into view.
It is wielding a +0 halberd.
Found 3 poisoned darts. 2 gnolls come into view.
A kobold and a gnoll come into view.
The gnoll is wielding a +2 halberd of protection.
The kobold shouts!
The gnoll shouts!
The gnoll throws a throwing net.
The throwing net hits you.
You become entangled in the net!
The gnoll shouts!
You hear an angry hiss.
You see here a throwing net.
Aiming: Sandblast (safe; 1% risk of failure)
Press: ? - help, Q - select action, (/) - cycle Shift-Dir - straight line, f - gnoll
Aim: a gnoll, wielding a +0 halberd and quivering a throwing net (84% to hit)
The blast of sand hits the gnoll!
The gnoll is almost dead.
The gnoll shouts!
An adder comes into view.
Aiming: Sandblast (safe; 1% risk of failure)
Press: ? - help, Q - select action, (/) - cycle Shift-Dir - straight line, f/p - gnoll
Aim: a gnoll, wielding a +0 halberd and quivering a throwing net (almost dead, 84% to hit)
The blast of sand misses the gnoll.
The blast of sand hits the gnoll.
The gnoll is moderately wounded.
The gnoll hits you from afar with a +0 halberd!
Ouch! That really hurt!
You struggle against the net.
The gnoll barely misses you. x2
Aiming: Sandblast (safe; 1% risk of failure)
Press: ? - help, Q - select action, (/) - cycle Shift-Dir - straight line, f/p - gnoll
Aim: a gnoll, wielding a +0 halberd and quivering a throwing net (almost dead, 84% to hit)
The blast of sand hits the gnoll!
You kill the gnoll!
The gnoll hits you from afar with a +0 spear.
* * * LOW HITPOINT WARNING * * *
The gnoll hits you from afar with a +0 halberd!
You die... ##.## #.... #.# .... #.# ##... #.# #(..# #.# #gSK#

#.# ##)gg# #.#
#...# #.# #.@.#
#.#
#..############.#
##..............#
################


You could see 3 gnolls, an adder and a kobold.

Vanquished Creatures
  A gnoll (D:2)
  An adder (D:2)
  2 endoplasms (D:1)
  A giant cockroach (D:1)
  3 hobgoblins (D:1)
  A quokka (D:1)
  2 ball pythons (D:1)
  5 bats
  6 kobolds
  A rat (D:2)
23 creatures vanquished.

Notes
Turn   | Place    | Note
-------+----------+-------------------------------------------
     0 | D:1      | voltaire321 the Deep Elf Earth Elementalist began the quest
                  | for the Orb.
     0 | D:1      | Reached XP level 1. HP: 10/10 MP: 6/6
   293 | D:1      | Reached XP level 2. HP: 15/15 MP: 6/8
   305 | D:1      | Learned a level 2 spell: Passwall
  1306 | D:2      | Reached XP level 3. HP: 19/19 MP: 7/9
  1343 | D:2      | Learned a level 3 spell: Stone Arrow
  1549 | D:2      | Slain by a gnoll

Illustrated notes

Levels and vault maps discovered:
D:1:      lightli_molten_gateway, layout_loops_ring, corexii_leaking_fountain
D:2:      layout_basic, serial_curves, eino_curves_04, eino_curves_03,
          eino_curves_01, eino_curves_03, basic_altar, minmay_misc_feat_enclosed

Skill      XL: |  1  2  3 |
---------------+----------+-----
Stealth        | 3 |  3.0
Dodging        | |  2.8
Spellcasting   | |  3.3
Conjurations   | |  0.5
Transmutations | |  1.6
Earth Magic    | |  3.6

Action                     || total
---------------------------++-------
  Melee: Short sword       ||     4
         Dagger            ||     7
   Cast: Sandblast         ||    38
 Armour: Robe              ||     6
  Dodge: Dodged            ||    21

Table legend: (Time is in decaauts)
 A = Elapsed time spent in this place.
 B = Non-inter-level travel time spent in this place.
 C = Inter-level travel time spent in this place.
 D = Time resting spent in this place.
 E = Time spent auto-exploring this place.
 F = Levels seen in this place.
 G = Mean time per level.
                   A        B        C        D        E       F      G
               +--------+--------+--------+--------+--------+-----+--------+
         Total |   1564 |   1544 |     20 |     22 |   1293 |   2 |  782.0 |
       Dungeon |   1564 |   1544 |     20 |     22 |   1293 |   2 |  782.0 |
               +--------+--------+--------+--------+--------+-----+--------+

Top non-repeatable levels by time:
     D:2: 898 daAuts
     D:1: 666 daAuts
